 Dungeon Crawl Stone Soup version 0.20-a0-1114-g33edf32 (webtiles) character file.

3201 grindst0ne the Fighter (level 10, -4/83 HPs)
             Began as a Formicid Fighter on May 6, 2017.
             Was a Follower of Wu Jian.
             Slain by a two-headed ogre
             ... wielding a cursed +0 giant club
              (13 damage)
             ... on level 7 of the Dungeon.
             The game lasted 00:29:59 (8918 turns).

grindst0ne the Fighter (Formicid Fighter)           Turns: 8918, Time: 00:29:59

Health: -4/83      AC: 12    Str: 23    XL:     10   Next: 17%
Magic:  10/10      EV:  9    Int:  8    God:    Wu Jian [*.....]
Gold:   530        SH:  9    Dex: 11    Spells: 9/9 levels left

rFire    + . .     SeeInvis +   V - +2 war axe (holy)
rCold    . . .     Gourm    .   c - +0 shield
rNeg     + . .     Faith    .   b - +0 scale mail
rPois    .         Spirit   .   (helmet unavailable)
rElec    .         Reflect  .   y - +1 cloak
rCorr    .         Harm     .   o - +0 pair of gloves
MR       +....                  (no boots)
Stlth    ..........             p - amulet of magic regeneration
Regen    0.3/turn               M - +1 ring of evasion
MPRegen  0.2/turn               R - ring of positive energy

@: no status effects
A: permanent stasis, dig shafts and tunnels, four strong arms, antennae 3,
hooves 1, fire resistance 1, wild magic 1
a: Dig, Shaft Self, Renounce Religion


You were on level 7 of the Dungeon.
You worshipped Wu Jian.
Wu Jian was aware of your devotion.
You were hungry.

You visited 2 branches of the dungeon, and saw 9 of its levels.
You also visited: Sewer and Ossuary.

You collected 713 gold pieces.
You spent 183 gold pieces at shops.

Inventory:

Hand Weapons
 a - a +1 war axe
 x - a +4 quarterstaff of chaos
 B - a cursed -2 trident
 E - a +1 hand axe of freezing
 F - a +3 halberd
 N - a +0 broad axe
 V - a +2 war axe of holy wrath (weapon)
Missiles
 P - 7 tomahawks (quivered)
Armour
 b - a +0 scale mail (worn)
 c - a +0 shield (worn)
 o - a +0 pair of gloves (worn)
 v - a +1 leather armour of fire resistance
 y - a +1 cloak (worn)
 X - a cursed +0 pair of gloves
Magical Staves
 T - an uncursed staff of earth
Jewellery
 p - an amulet of magic regeneration (around neck)
 M - a +1 ring of evasion (left hand)
 R - a ring of positive energy (right hand)
Wands
 q - a wand of paralysis (8/24)
 w - a wand of iceblast (5/15)
 D - a wand of confusion (24/48)
 K - a wand of flame (22/48)
 Q - a wand of polymorph (13/24)
 Z - a wand of flame (25/48)
Scrolls
 e - 4 scrolls of identify
 m - 10 scrolls of remove curse
 A - 2 scrolls of fog
 C - 3 scrolls of teleportation
 G - a scroll of enchant armour
 S - 2 scrolls of enchant weapon
 U - a scroll of acquirement {unknown}
Potions
 d - a potion of might
 g - 2 potions of haste
 h - 2 potions of flight
 j - 6 potions of curing
 k - 5 potions of invisibility {unknown}
 l - a potion of cancellation
 n - a potion of resistance
 r - 3 potions of degeneration
 u - 2 potions of lignification
 z - a potion of agility
 I - a potion of ambrosia {unknown}
 J - a potion of magic {unknown}
 L - a potion of berserk rage {unknown}
 O - a potion of mutation
Comestibles
 f - 9 bread rations
 i - 3 meat rations
 s - a fruit
 W - a royal jelly


   Skills:
 + Level 9.3 Fighting
 + Level 8.1 Axes
 + Level 9.3 Armour
 - Level 3.6 Shields


You had 9 spell levels left.
You didn't know any spells.

Dungeon Overview and Level Annotations

Branches:
Dungeon (8/15)             Temple (1/1) D:5
   Lair: D:8-11

Altars:
Ashenzari
Cheibriados
Dithmenos
Elyvilon
Fedhas
Gozag
Hepliaklqana
Makhleb
Nemelex Xobeh
Okawaru
Qazlal
Ru
Sif Muna
Trog
Uskayaw
Vehumet
Wu Jian
Xom
Yredelemnul
Zin
The Shining One

Shops:
D:6 (

Annotations:
D:8 exclusion: orange crystal statue


Innate Abilities, Weirdness & Mutations

You cannot be hasted, slowed, berserked, paralysed or teleported.
You can dig through walls and to a lower floor.
Your four strong arms can wield two-handed weapons with a shield.
You have a pair of large antennae on your head. (SInv)
You have large cloven feet.
Your flesh is heat resistant. (rF+)
Your spells are a little harder to cast, but a little more powerful.


Message History

You kick the two-headed ogre, but do no damage.
The two-headed ogre is heavily wounded.
You block the two-headed ogre's attack.
The two-headed ogre hits you with a giant club!
* * * LOW HITPOINT WARNING * * *
You open the door. The two-headed ogre misses you.
The two-headed ogre hits you with a giant club!
* * * LOW HITPOINT WARNING * * *
There is an open door here.
Okay, then.
All of the chunks of flesh in your inventory have rotted away.
A worker ant comes into view.
The worker ant twitches its antennae in your direction.
The worker ant bites you but does no damage.
Your shield prevents you from hitting the worker ant.
You completely miss the two-headed ogre.
The worker ant bites you.
* * * LOW HITPOINT WARNING * * *
The two-headed ogre hits you with a giant club!
You die...

#.....##[....# #............
#.....##.....######......##..##
#.....##.............<...##.(..
#.....##.................####.#
#.....##.................# #.#
########.............########..
#.............# #......
#####..O......# #.####. ###
##### #..@......# #...... ..#
#...####..a......# ######.
..#####...#.).......#### #.
.......####'#.......### #.
.......# #..#.....[...#
#######' .......#
##.####'####.# #.......
..[....# #..#....# #.# #.......
.......######....# #.# #.......
.................####.#
#.......


You could see a two-headed ogre and a worker ant.

Vanquished Creatures
  Prince Ribbit (D:6)
  A hippogriff (D:7)
  A spriggan (D:7)
  Menkaure (D:6)
  2 ice beasts
  2 black bears
  2 sky beasts
  2 ogres (D:7)
  4 centaurs
  Blork the orc (D:6)
  4 bullfrogs
  3 scorpions
  2 crimson imps (D:7)
  A hound (D:4)
  7 orc wizards
  2 orc priests (D:4)
  Crazy Yiuf (D:3)
  A centaur skeleton (D:7)
  Ijyb (D:3)
  Jessica (D:3)
  A bullfrog skeleton (D:7)
  2 worker ants
  A killer bee zombie (D:7)
  A big kobold zombie (Ossuary)
  8 mummies (Ossuary)
  A hound zombie (D:6)
  A hound skeleton (D:7)
  Robin (D:2)
  A howler monkey skeleton (D:5)
  4 gnolls (D:4)
  9 adders
  A shadow imp (D:7)
  8 oozes
  An adder zombie (D:6)
  9 worms
  An adder skeleton (D:4)
  4 leopard geckos
  17 orcs
  5 ball pythons (Sewer)
  11 bats
  7 giant cockroaches
  A gnoll zombie (Ossuary)
  17 goblins
  12 hobgoblins
  12 jackals
  9 kobolds
  4 quokkas
  3 frilled lizards
  4 hobgoblin zombies (Ossuary)
  2 kobold zombies (Ossuary)
  2 quokka skeletons
  5 rats
205 creatures vanquished.

Notes
Turn   | Place    | Note
-------+----------+-------------------------------------------
     0 | D:1      | grindst0ne the Formicid Fighter began the quest for the Orb.
     0 | D:1      | Reached XP level 1. HP: 18/18 MP: 1/1
   362 | D:1      | Reached XP level 2. HP: 24/24 MP: 2/2
   426 | D:1      | Reached XP level 3. HP: 25/29 MP: 3/3
   887 | D:2      | Reached XP level 4. HP: 28/37 MP: 4/4
  1460 | D:2      | Noticed Robin
  1496 | D:2      | Killed Robin
  1496 | D:2      | Reached XP level 5. HP: 15/42 MP: 5/5
  1962 | D:3      | Found a runed door.
  2560 | D:3      | Noticed Jessica
  2561 | D:3      | Noticed Ijyb
  2573 | D:3      | Killed Ijyb
  2579 | D:3      | Killed Jessica
  2579 | D:3      | Reached XP level 6. HP: 36/49 MP: 6/6
  2892 | D:3      | Noticed Crazy Yiuf
  2904 | D:3      | Killed Crazy Yiuf
  2904 | D:3      | Reached skill level 5 in Armour
  3200 | D:4      | Reached skill level 5 in Fighting
  3243 | D:4      | Found a glowing drain.
  3269 | Sewer    | Entered a sewer
  3913 | Sewer    | Reached XP level 7. HP: 27/56 MP: 7/7
  5005 | D:5      | Entered Level 5 of the Dungeon
  5095 | D:5      | Found a sand-covered staircase.
  5110 | Ossuary  | Entered an ossuary
  5132 | Ossuary  | Reached skill level 5 in Axes
  5134 | Ossuary  | Reached XP level 8. HP: 35/64 MP: 8/8
  5508 | D:5      | Gained mutation: Armour fits poorly on your strangely shaped body. [potion of mutation]
  5508 | D:5      | Gained mutation: Your spells are a little harder to cast, but a little more powerful. [potion of mutation]
  5520 | D:5      | Found a staircase to the Ecumenical Temple.
  5786 | Temple   | Entered the Ecumenical Temple
  5983 | Temple   | Became a worshipper of the Wu Jian Council
  6197 | D:5      | Lost mutation: Armour fits poorly on your strangely shaped body. [potion of mutation]
  6197 | D:5      | Gained mutation: You have large cloven feet. [potion of mutation]
  6197 | D:5      | Gained mutation: Your flesh is heat resistant. (rF+) [potion of mutation]
  6414 | D:6      | Noticed Menkaure
  6421 | D:6      | Killed Menkaure
  6682 | D:6      | Noticed Prince Ribbit
  6709 | D:6      | Killed Prince Ribbit
  6877 | D:6      | Reached XP level 9. HP: 67/72 MP: 9/9
  7451 | D:6      | Noticed Blork the orc
  7464 | D:6      | Killed Blork the orc
  7468 | D:6      | Found Ytal's Weapon Shop.
  7476 | D:6      | Bought a +2 war axe of holy wrath for 183 gold pieces
  7705 | D:7      | Reached * piety under Wu Jian
  7833 | D:7      | Noticed a hippogriff
  7850 | D:7      | Killed a hippogriff
  8254 | D:7      | Reached XP level 10. HP: 65/82 MP: 10/10
  8799 | D:8      | Noticed an orange crystal statue
  8823 | D:8      | Noticed a two-headed ogre
  8872 | D:7      | HP: 2/83 [two-headed ogre/giant club (10)]
  8918 | D:7      | Slain by a two-headed ogre

Vault maps used:
D:1:      dpeg_arrival_arbitrary_b, minmay_hexomino_p4
D:2:      uniq_robin
D:3:      uniq_crazy_yiuf_cottage, uniq_jessica, uniq_ijyb
D:4:      first_bread, cheibrodos_sewer_entry_drain
D:5:      temple_statues, enter_ossuary_5, minmay_crystal_room
D:6:      serial_shops, shop, hangedman_abyss_or_decor_slice,
          grunt_ministairs_1, kennysheep_generic_room_5, uniq_prince_ribbit1,
          uniq_menkaure, uniq_blork_the_orc
D:7:      the_bakery
D:8:      minmay_statue_hallways, kiku_gazebo_garden_becter
Temple:   nicolae_temple_the_god_donut
Sewer:    sewer_fruit_machine
Ossuary:  ossuary_tomb_3

Skill      XL: |  1  2  3  4  5  6  7  8  9 10 |
---------------+-------------------------------+-----
Armour         | 4 5 6 7 8 9 |  9.3
Fighting       | 4 5 6 7 8 9 |  9.3
Axes           | 3 4 5 6 7 8 |  8.1
Shields        | |  3.6

Action                   |  1- 3 |  4- 6 |  7- 9 | 10-12 || total
-------------------------+-------+-------+-------+-------++-------
Melee: War axe           |    81 |   287 |   336 |    59 ||   763
       Kick              |       |       |    54 |    16 ||    70
       Broad axe         |       |       |    11 |       ||    11
Evoke: Wand              |       |     1 |       |     2 ||     3
  Use: Scroll            |       |    13 |     4 |     2 ||    19
       Potion            |       |     2 |     4 |     1 ||     7
  Eat: Chunk             |       |    10 |    15 |     2 ||    27
Armor: Scale mail        |    45 |   105 |   149 |    24 ||   323
Dodge: Dodged            |    29 |   102 |   116 |    29 ||   276
Block: Shield            |    37 |   173 |   195 |    36 ||   441
